Map: Ephemeron LE

Players

Awers

  • Race: Terran Terran
  • Spawn Location: 5:00

Denver - Winner!

  • Race: Zerg Zerg
  • Spawn Location: 11:00

Event: IEM Katowice 2020

VOD

Have the link to the VOD?

Description

Time

  • Played on: Feb. 24, 2020, 5:09 a.m.
  • Length: 14:24

All games in this series

Show
View Real Time Build Order
Export as new Build Order

Awers Terran 

Build Orders: Hellion Opening, Reaper Expand 

Get SALT Encoding   

  12  0:00  SCV  
  13  0:13  SCV  
  14  0:20  Supply Depot  
  14  0:26  SCV  
  15  0:41  SCV  
  16  0:43  Barracks  
  16  0:45  Refinery  
  16  0:53  SCV  
  17  1:05  SCV  
  18  1:18  SCV  
  19  1:31  Reaper, Orbital Command  
  20  1:42  Command Center  
  20  1:50  Supply Depot  
  20  1:56  SCV  
  21  2:03  Marine  
  22  2:09  SCV  
  22  2:14  Factory  
  23  2:18  Bunker  
  23  2:21  SCV  
  24  2:24  Barracks Reactor  
  24  2:34  SCV  
  24  2:35  Refinery  
  24  2:46  SCV  
  25  2:58  SCV  
  26  2:59  Orbital Command  
  26  3:00  Starport  
  26  3:07  Hellion x2  
  26  3:10  SCV  
  31  3:22  SCV  
  31  3:25  SCV  
  33  3:27  Marine  
  33  3:29  Hellion x2  
  38  3:34  SCV  
  38  3:37  SCV, Fusion Core  
  38  3:38  Starport Tech Lab  
  40  3:44  Supply Depot  
  40  3:46  SCV  
  41  3:50  SCV  
  44  3:56  Hellion x2  
  46  4:06  SCV x2  
  48  4:13  Supply Depot  
  48  4:15  Supply Depot  
  48  4:18  SCV x2  
  48  4:19  Supply Depot  
  48  4:21  Hellion x2  
  52  4:30  SCV x2  
  54  4:34  Battlecruiser  
  60  4:42  SCV  
  60  4:44  SCV, Supply Depot  
  62  4:46  Hellion x2  
  66  4:54  SCV  
  66  4:59  SCV, Weapon Refit  
  68  5:07  Supply Depot  
  68  5:10  SCV, Command Center  
  68  5:11  SCV  
  70  5:16  Refinery x2  
  70  5:22  SCV  
  70  5:24  SCV  
  72  5:35  SCV, Hellion  
  75  5:38  SCV  
  76  5:46  Supply Depot  
  76  5:47  SCV, Battlecruiser  
  83  5:50  SCV  
  82  5:59  SCV  
  82  6:02  SCV  
  82  6:03  Hellion x2  
  74  6:08  Factory  
  74  6:09  Factory  
  74  6:11  SCV  
  73  6:15  SCV  
  74  6:23  SCV  
  75  6:27  SCV  
  75  6:28  Armory  
  75  6:30  Hellion x2  
  80  6:35  SCV  
  80  6:39  SCV  
  82  6:42  Refinery, Orbital Command  
  82  6:44  Refinery  
  82  6:47  SCV  
  82  6:51  SCV, Battlecruiser  
  90  6:54  Engineering Bay  
  90  6:57  Factory Tech Lab x2  
  90  6:59  SCV  
  91  7:03  SCV  
  92  7:11  SCV  
  92  7:12  Hellion x2  
  97  7:16  SCV  
  97  7:20  Terran Vehicle And Ship Armor Level 1  
  97  7:22  Factory x2  
  98  7:23  SCV  
  98  7:27  Cyclone  
  98  7:28  SCV, Cyclone  
  106  7:36  SCV, Hellion  
  109  7:38  Missile Turret x2  
  109  7:42  Hellion  
  111  7:45  Missile Turret  
  111  7:48  Missile Turret  
  105  7:51  Mag-Field Accelerator  
  105  7:52  SCV x2  
  107  8:01  Cyclone  
  107  8:04  Battlecruiser  
  116  8:14  Supply Depot  
  116  8:15  Factory Reactor, Factory Tech Lab  
  116  8:16  Supply Depot  
  117  8:27  Cyclone  
  117  8:35  Cyclone  
  118  8:43  Command Center  
  118  8:45  Factory  
  118  8:46  Factory, Cyclone, Hellion x2  
  125  8:55  Supply Depot  
  125  8:56  Supply Depot x2  
  125  8:59  Cyclone  
  128  9:07  Siege Tank  
  128  9:08  Hellion  
  133  9:11  Supply Depot  
  133  9:12  Supply Depot  
  133  9:13  Supply Depot, Armory  
  135  9:17  Hellion x3  
  135  9:23  Hellion  
  141  9:29  Hellion  
  146  9:31  Cyclone  
  146  9:32  Factory Tech Lab  
  146  9:33  Factory Reactor  
  146  9:37  Orbital Command  
  148  9:38  Hellion  
  148  9:39  Cyclone, Hellion  
  148  9:43  Hellion  
  148  9:45  Siege Tank  
  158  9:51  Hellion  
  154  10:06  Cyclone, Hellion x2  
  143  10:10  Cyclone  
  143  10:11  Hellion x2  
  143  10:12  Hellion  
  146  10:21  Cyclone, Hellion  
  149  10:22  SCV  
  149  10:27  Hellion x2  
  149  10:28  SCV  
  155  10:34  Refinery x2  
  151  10:44  Cyclone, Hellion  
  156  10:50  Planetary Fortress  
  156  10:51  SCV  
  156  10:55  Cyclone, Hellion x2  
  164  10:57  SCV  
  164  11:00  Battlecruiser  
  164  11:01  Hellion  
  173  11:09  Cyclone, Hellion x2  
  173  11:10  SCV  
  181  11:15  Infernal Pre-Igniter  
  169  11:21  Cyclone  
  169  11:22  Hellion  
  174  11:26  SCV  
  174  11:27  Cyclone  
  174  11:28  SCV, Hellion x2  
  174  11:29  SCV  
  184  11:38  SCV  
  184  11:40  SCV  
  184  11:43  Missile Turret  
  179  11:50  Refinery x2  
  179  11:51  Command Center  
  175  12:01  SCV  
  175  12:04  Terran Vehicle And Ship Armor Level 2, Battlecruiser  
  175  12:05  Terran Vehicle Weapons Level 1  
  175  12:07  Cyclone, Hellion x2  
  189  12:11  Missile Turret  
  177  12:22  Cyclone x3, Hellion  
  177  12:23  Hellion x3  
  177  12:26  SCV  
  179  12:32  Hellion  
  181  12:38  Supply Depot  
  181  12:39  Cyclone  
  167  12:52  Hellion  
  167  12:54  Cyclone x2  
  167  12:55  Cyclone, Hellion x2  
  162  13:03  Hellion  
  162  13:04  Hellion x2  
  142  13:10  Battlecruiser  
  142  13:30  Cyclone x2, Hellion x2  
  142  13:31  SCV  
  136  13:37  Hellion  
  135  13:42  Hellion  
  135  13:48  Hellion  
  135  13:55  Orbital Command  
Show
View Real Time Build Order
Export as new Build Order

Denver Zerg - Winner!

Build Orders: Hatch First, Swarm Host 

Get SALT Encoding   

  12  0:00  Drone  
  13  0:13  Overlord  
  13  0:17  Drone  
  14  0:32  Drone x2  
  16  0:49  Hatchery  
  15  0:52  Drone  
  15  0:56  Drone  
  17  0:59  Drone  
  18  1:09  Extractor  
  17  1:14  Spawning Pool  
  17  1:17  Drone  
  17  1:22  Drone  
  18  1:30  Drone  
  19  1:39  Drone  
  20  1:50  Drone  
  21  2:01  Queen x2  
  21  2:02  Zergling x4  
  27  2:10  Metabolic Boost  
  27  2:14  Overlord  
  27  2:18  Drone  
  28  2:31  Spore Crawler  
  28  2:36  Queen  
  28  2:38  Drone x4  
  34  2:45  Overlord  
  34  2:51  Drone  
  35  2:58  Drone  
  36  2:59  Overlord  
  36  3:04  Hatchery  
  35  3:08  Pneumatized Carapace  
  35  3:12  Drone  
  36  3:15  Drone x2  
  38  3:20  Drone x2  
  38  3:25  Drone x2  
  42  3:29  Queen  
  44  3:35  Drone  
  45  3:42  Drone  
  45  3:43  Drone x4  
  50  3:48  Overlord  
  50  3:56  Queen  
  50  3:58  Overlord  
  52  4:07  Drone x2  
  52  4:08  Roach Warren  
  53  4:13  Lair  
  53  4:14  Drone x4  
  57  4:20  Queen  
  57  4:21  Drone x2  
  61  4:24  Overlord  
  61  4:27  Overlord  
  61  4:34  Extractor, Drone  
  61  4:35  Zergling x6, Extractor  
  63  4:40  Drone x3  
  66  4:46  Drone x3  
  69  4:53  Roach  
  69  4:54  Roach x2  
  75  5:00  Spore Crawler x2  
  75  5:01  Spore Crawler, Drone  
  75  5:02  Drone  
  75  5:03  Drone  
  75  5:07  Drone x3  
  75  5:08  Evolution Chamber  
  75  5:11  Queen  
  75  5:14  Glial Reconstitution  
  79  5:16  Drone x2  
  79  5:18  Drone  
  79  5:20  Drone  
  79  5:21  Drone  
  84  5:28  Drone x2  
  84  5:29  Drone x2  
  84  5:31  Extractor  
  84  5:32  Overseer  
  84  5:34  Roach  
  89  5:36  Overlord x2  
  89  5:40  Spore Crawler  
  89  5:42  Spire  
  87  5:48  Overlord  
  87  5:49  Roach  
  81  5:57  Evolution Chamber  
  81  6:00  Drone  
  81  6:01  Drone x10  
  90  6:05  Zerg Missile Weapons Level 1  
  90  6:08  Drone x5  
  95  6:18  Drone x2  
  97  6:20  Overseer  
  97  6:26  Drone  
  97  6:29  Hatchery, Extractor  
  97  6:31  Extractor  
  95  6:34  Evolution Chamber  
  95  6:37  Spore Crawler, Queen, Baneling Nest  
  95  6:39  Overlord  
  94  6:41  Drone x7  
  101  6:49  Overlord  
  101  6:57  Zerg Flyer Weapons Level 1  
  101  7:00  Corruptor x4  
  109  7:05  Zerg Melee Weapons Level 1  
  109  7:07  Corruptor  
  111  7:10  Corruptor  
  109  7:22  Corruptor  
  109  7:26  Drone x10  
  117  7:34  Drone x2  
  117  7:39  Drone x3  
  117  7:41  Queen, Centrifical Hooks  
  120  7:44  Roach  
  120  7:45  Roach  
  122  7:53  Overlord  
  122  7:55  Hatchery  
  122  7:57  Overlord  
  122  7:58  Infestation Pit  
  120  8:00  Overlord  
  120  8:02  Spore Crawler  
  120  8:03  Extractor x2  
  117  8:06  Overlord  
  117  8:11  Roach x4  
  117  8:12  Nydus Network  
  124  8:21  Overlord  
  124  8:25  Overlord x3  
  123  8:37  Swarm Host x5  
  123  8:38  Swarm Host x4  
  149  8:44  Swarm Host x2  
  149  8:46  Overlord  
  155  8:49  Swarm Host  
  156  8:56  Drone x3  
  156  8:57  Swarm Host x2  
  156  9:00  Zergling x14  
  170  9:02  Overlord  
  170  9:05  Overlord  
  168  9:11  Overlord  
  168  9:14  Nydus Canal  
  168  9:16  Zergling x4  
  168  9:17  Zergling x10  
  175  9:18  Ravager x3  
  175  9:19  Ravager  
  179  9:29  Zergling x16, Roach  
  186  9:41  Overlord  
  186  9:44  Nydus Canal  
  186  9:45  Baneling x11  
  186  9:49  Overseer  
  186  9:50  Hive  
  186  9:55  Zergling x24  
  186  9:59  Overlord  
  191  10:04  Zergling x14  
  189  10:12  Zergling x10  
  185  10:17  Queen  
  185  10:20  Baneling x14  
  186  10:22  Nydus Canal  
  186  10:26  Roach x2  
  178  10:28  Swarm Host x2  
  178  10:29  Swarm Host  
  181  10:36  Corruptor x2  
  181  10:41  Zerg Missile Weapons Level 2  
  184  10:44  Zerg Melee Weapons Level 2  
  184  10:51  Corruptor  
  184  10:52  Corruptor  
  184  10:54  Zergling x12  
  184  10:56  Drone  
  195  11:05  Zerg Flyer Weapons Level 2  
  189  11:14  Ravager x4  
  184  11:18  Nydus Canal  
  184  11:20  Drone  
  184  11:21  Drone x5  
  184  11:22  Extractor  
  184  11:24  Extractor  
  188  11:26  Corruptor  
  188  11:29  Baneling x5  
  190  11:37  Hatchery  
  189  11:41  Zergling x22  
  193  11:47  Drone x3  
  193  11:53  Nydus Canal  
  188  12:03  Adrenal Glands  
  188  12:07  Baneling x5  
  196  12:08  Roach x6  
  186  12:17  Zergling x22  
  186  12:22  Nydus Canal  
  182  12:25  Overseer, Queen x2  
  182  12:26  Queen  
  182  12:28  Zergling x12  
  194  12:34  Ravager x3  
  194  12:36  Baneling x18  
  195  12:50  Zergling x20  
  198  12:55  Swarm Host x3  
  198  12:57  Nydus Canal  
  197  13:01  Zergling x10  
  197  13:02  Zergling x2  
  190  13:17  Baneling x2  
  190  13:18  Baneling x12  
  190  13:21  Zergling x14  
  196  13:28  Corruptor x2  
  196  13:32  Zergling x2  
  196  13:33  Zergling x6  
  193  13:34  Nydus Canal  
  193  13:38  Drone x4  
  191  13:52  Corruptor x2  
  182  13:57  Zergling x10  
  172  14:06  Zergling x2  
  172  14:07  Zergling x10  

Tags
 
Add a new tag
Caveats
  • Supply blocks, unpowered buildings, or Contaminate may cause inaccurate times.
  • Supply counts are checked every 10 seconds.